 Dungeon Crawl Stone Soup version 0.29.1-13-g9f3cf754e1 (webtiles) character file.

Game seed: 5644725748420573205

1787 warriortoast the Nimble (level 8, -5/37 HPs)
             Began as a Spriggan Hunter on Jan 24, 2023.
             Was a Follower of Fedhas.
             Slain by Maggie
             ... wielding a +2 scimitar of flaming
              (10 damage)
             ... on level 6 of the Dungeon.
             The game lasted 00:18:55 (7989 turns).

warriortoast the Nimble (Spriggan Hunter)           Turns: 7989, Time: 00:18:56

Health: -5/37      AC:  2    Str:  7    XL:     8   Next: 82%
Magic:  9/9        EV: 25    Int: 11    God:    Fedhas [*.....]
Gold:   373        SH:  0    Dex: 20    Spells: 7/7 levels left

rFire   . . .      SeeInvis +   a - +0 shortbow
rCold   . . .      Faith    .   (shield currently unavailable)
rNeg    . . .      Spirit   .   c - +0 robe
rPois   .          Reflect  .   (helmet restricted)
rElec   .          Harm     .   (no cloak)
rCorr   .          Rampage  .   (gloves unavailable)
Will    +....                   (boots unavailable)
Stlth   ++++......              (no amulet)
HPRegen 0.12/turn               (no ring)
MPRegen 0.11/turn               (no ring)

@: about to teleport, mesmerised, very quick
A: very small, no large weapons, unfitting armour, see invisible, speed 3
a: Renounce Religion


You were on level 6 of the Dungeon.
You worshipped Fedhas.
Fedhas was aware of your devotion.
You visited 2 branches of the dungeon, and saw 7 of its levels.

You collected 373 gold pieces.

Inventory:

Hand Weapons
 a - a +0 shortbow (weapon)
Armour
 c - a +0 robe (worn)
Jewellery
 v - an amulet of magic regeneration
Wands
 i - a wand of flame (16)
Scrolls
 b - a scroll of immolation
 f - 3 scrolls of identify
 h - 2 scrolls of teleportation
 j - a scroll of fog {unknown}
 l - 2 scrolls of amnesia {unknown}
 m - a scroll of blinking {unknown}
 o - 3 scrolls of vulnerability {unknown}
 r - 3 scrolls of enchant weapon {unknown}
 t - 3 scrolls of noise {unknown}
 w - a scroll of brand weapon {unknown}
Potions
 d - 2 potions of degeneration
 e - 2 potions of magic {unknown}
 g - 3 potions of might {unknown}
 k - 2 potions of heal wounds {unknown}
 n - 2 potions of haste {unknown}
 p - 2 potions of ambrosia {unknown}
 q - 2 potions of invisibility {unknown}
 s - a potion of brilliance {unknown}
 u - a potion of lignification {unknown}
 x - a potion of flight {unknown}
 z - a potion of curing {unknown}


   Skills:
 - Level 1.6 Fighting
 + Level 8.3 Ranged Weapons
 + Level 9.7 Dodging
 - Level 8.0 Stealth


You had 7 spell levels left.
You didn't know any spells.
Your spell library contained the following spells:

 Spells                   Type           Power      Damage    Failure   Level
 Call Canine Familiar     Summ           0%         N/A       71%         3
 Portal Projectile        Hex/Tloc       0%         N/A       71%         3
 Leda's Liquefaction      Hex/Erth       0%         N/A       98%         4


Dungeon Overview and Level Annotations

Branches:
Dungeon (6/15)             Temple (1/1) D:4

Altars:
Cheibriados
Fedhas
Gozag
Hepliaklqana
Kikubaaqudgha
Makhleb
Nemelex Xobeh
Okawaru
Qazlal
Ru
Sif Muna
Trog
Uskayaw
Vehumet
Wu Jian
Xom
Yredelemnul
Zin
The Shining One

Annotations:
D:6 Grinder, Maggie


Innate Abilities, Weirdness & Mutations

You are very small and have problems with some larger weapons.
You are too small for most types of armour.
You have supernaturally acute eyesight. (SInv)
You cover ground extremely quickly. (Speed+++)


Message History

Maggie is moderately wounded.
You shoot an arrow. The arrow closely misses Maggie.
You shoot an arrow. The arrow hits Maggie!
Maggie is heavily wounded.
Maggie gestures wildly while chanting.
Maggie attempts to bespell you!
You are mesmerised by Maggie!
You cannot move away from Maggie!
You shoot an arrow. The arrow closely misses Maggie.
You shoot an arrow. The arrow barely misses Maggie.
You shoot an arrow.
The arrow hits Maggie but does no damage.
Maggie is heavily wounded.
Maggie gestures wildly while chanting.
Maggie draws you further into her thrall.
You shoot an arrow. The arrow hits Maggie.
Maggie is heavily wounded.
You shoot an arrow. The arrow closely misses Maggie.
You shoot an arrow. The arrow barely misses Maggie.
You shoot an arrow. The arrow closely misses Maggie.
You shoot an arrow. The arrow hits Maggie.
Maggie is heavily wounded.
Maggie casts a spell.
Maggie draws you further into her thrall.
As you read the scroll labelled ZUAH POV KISID, it crumbles to dust.
It is a scroll of identify.
d - 2 potions of degeneration Maggie says, "Have you seen any dragons?"
Maggie hits you with a +2 scimitar of flaming!
Maggie burns you.
As you read the scroll labelled WEENEP CAITIRPH, it crumbles to dust.
You feel strangely unstable.
It was a scroll of teleportation.
Maggie completely misses you. Maggie misses you.
Maggie gestures at you while chanting. The bolt of fire hits you!!
* * * LOW HITPOINT WARNING * * *
Maggie hits you with a +2 scimitar of flaming!
You die...
Fedhas appreciates your contribution to the ecosystem.

#.####################.## #.#
#.# #.# #.# #.# #.# #.# #.#
#.####################.#
#...............>....#.#
#########################.##.##
................@@........†...#
#########################.#####
#.# #.# #@# #.# #.# #.# #.#


You could see Maggie (mesmerising).

Vanquished Creatures
  Sigmund (D:4)
  A wyvern (D:6)
  Edmund (D:4)
  Menkaure (D:5)
  A black bear (D:5)
  A phantom (D:5)
  A bullfrog (D:6)
  2 necrophages
  3 wights (D:4)
  A vampire bat (D:5)
  A jelly (D:5)
  A hound (D:5)
  5 orc priests
  5 iguanas
  4 orc wizards (D:5)
  9 adders
  A shadow imp (D:6)
  A white imp (D:6)
  An ufetubus (D:6)
  3 worms (D:2)
  2 dart slugs
  3 fire bats (D:5)
  10 orcs
  2 spectral bats (D:5)
  7 ball pythons
  3 bat skeletons (D:5)
  A bat zombie (D:5)
  9 endoplasms
  4 giant cockroaches
  8 goblins
  5 hobgoblins
  A jackal (D:2)
  4 quokkas
  12 bats
  A bat simulacrum (D:5)
  2 frilled lizards (D:2)
  7 kobolds
  7 rats
132 creatures vanquished.

Vanquished Creatures (others)
  18 fungi (D:5)
  3 plants (D:1)
21 creatures vanquished.

Grand Total: 153 creatures vanquished

Notes
Turn   | Place    | Note
-------+----------+-------------------------------------------
     0 | D:1      | warriortoast the Spriggan Hunter began the quest for the
                  | Orb.
     0 | D:1      | Reached XP level 1. HP: 10/10 MP: 2/2
     3 | D:1      | Found a faded altar of an unknown god.
   128 | D:1      | Reached skill level 3 in Dodging
   681 | D:1      | Reached XP level 2. HP: 14/14 MP: 3/3
  1737 | D:2      | Reached XP level 3. HP: 18/18 MP: 4/4
  2313 | D:2      | Reached XP level 4. HP: 22/22 MP: 5/5
  2444 | D:2      | Reached skill level 4 in Dodging
  2520 | D:3      | Found a basalt altar of Yredelemnul.
  2689 | D:3      | Found a sparkling altar of Nemelex Xobeh.
  3094 | D:3      | Found an iron altar of Okawaru.
  3390 | D:3      | Reached skill level 5 in Ranged Weapons
  3390 | D:3      | Reached XP level 5. HP: 25/25 MP: 6/6
  3498 | D:4      | Noticed Sigmund
  3510 | D:4      | Noticed Edmund
  3671 | D:4      | Killed Edmund
  3672 | D:4      | Reached skill level 5 in Dodging
  3672 | D:4      | Reached skill level 5 in Stealth
  3672 | D:4      | Reached XP level 6. HP: 28/30 MP: 7/7
  3818 | D:4      | Reached skill level 6 in Dodging
  3958 | D:4      | Found a staircase to the Ecumenical Temple.
  3967 | Temple   | Entered the Ecumenical Temple
  4014 | Temple   | Became a worshipper of Fedhas Madash
  4355 | D:4      | Killed Sigmund
  4356 | D:4      | Reached XP level 7. HP: 27/33 MP: 8/8
  4478 | D:5      | Entered Level 5 of the Dungeon
  5441 | D:5      | Noticed Menkaure
  5468 | D:5      | Killed Menkaure
  5469 | D:5      | Reached skill level 7 in Dodging
  5690 | D:5      | Reached XP level 8. HP: 37/37 MP: 9/9
  5966 | D:5      | Reached skill level 8 in Dodging
  6555 | D:5      | Reached * piety under Fedhas
  6666 | D:5      | Reached skill level 9 in Dodging
  6899 | D:6      | Found an opulent altar of Gozag.
  7299 | D:6      | Noticed Grinder
  7393 | D:6      | Paralysed by Grinder for 2 turns
  7962 | D:6      | Noticed Maggie
  7989 | D:6      | Slain by Maggie

Illustrated notes

Levels and vault maps discovered:
D:1:      minmay_arrival_radiant_lines, layout_basic, serial_bayou,
          serial_bayou_shore_b, serial_bayou_pond_d, serial_bayou_crossing,
          serial_bayou_pond_c, basic_ecumenical_altar
D:2:      minmay_angry_zag, layout_basic
D:3:      layout_loops_ring, amcnicky_altar_gilded, nemelex_spade_bored_becter,
          general_overflow_altar, chequers_garden
D:4:      layout_rooms, minmay_temple_entry_statues_pillars,
          sigmund_edmund_badplayer
D:5:      layout_basic, dreamdust_mushroom_princess, goddamned_bats,
          uniq_menkaure, uniq_edmund
D:6:      layout_basic, grunt_gozag_breadcrumbs, minivault_27, uniq_grinder,
          uniq_maggie
Temple:   nicolae_temple_bog_church

Skill      XL: |  1  2  3  4  5  6  7  8 |
---------------+-------------------------+-----
Stealth        | 2 3 4 5 7 8 |  8.0
Dodging        | 3 4 5 6 7 9 |  9.7
Ranged Weapons | 5 6 8 |  8.3
Fighting       | |  1.6

Action                   |  1- 3 |  4- 6 |  7- 9 || total
-------------------------+-------+-------+-------++-------
 Fire: Shortbow          |    96 |   155 |   244 ||   495
  Use: Scroll            |       |       |     2 ||     2
Armor: Robe              |     3 |     4 |    13 ||    20
Dodge: Dodged            |    10 |    17 |   129 ||   156
